[ AOE2 MATCH · #506248457 ]
UnrankedTurks vs Bengalis
Player's team · LOSS
Rival team · WIN
[ REPLAY ANALYSIS · EXTRACTED FROM THE RECORDED GAME ]
Feudal
8:26
Castle
23:46
Imperial
—
| APM avg | 60.7 |
| APM peak | 110 |
| eAPM avg | 31.7 |
| Villagers / military | 91 / 72 |
Focus
⚔️ 33.2% · 🌾 66.8%
Camel Scout ×33 · Skirmisher ×18 · Janissary ×9 · Scout Cavalry ×8 · Monk ×2 · Petard ×1
Feudal
9:26
Castle
22:20
Imperial
—
| APM avg | 39.1 |
| APM peak | 76 |
| eAPM avg | 17.1 |
| Villagers / military | 92 / 58 |
Focus
⚔️ 30.4% · 🌾 69.6%
Spearman ×24 · Scout Cavalry ×20 · Battle Elephant ×8 · Armored Elephant ×5 · Mangonel ×1
Match map
Initial resources + every placement click. Lines = walls · curves = elevation contours. ◆ gold · ⬟ stone · ● berries · ✦ relic · ◌ wall gap
Your base· Open — 6t gap
Vitals's base· Open — unwalled flank
Smoothed initial terrain · ◌ = detected wall gap · hover for details
Inputs per minute
— Mugno - - Vitals
Build order — Mugno
First 150 of 259 actions detected
| 0:01 | Queue | Villager (Male) |
| 0:02 | Build | House |
| 0:02 | Build | House |
| 0:05 | Queue | Villager (Male) |
| 0:13 | Queue | Villager (Male) |
| 0:22 | Queue | Villager (Male) |
| 0:22 | Queue | Villager (Male) |
| 1:30 | Queue | Villager (Male) |
| 1:30 | Queue | Villager (Male) |
| 1:50 | Build | Lumber Camp |
| 1:50 | Queue | Villager (Male) |
| 1:51 | Queue | Villager (Male) |
| 1:51 | Queue | Villager (Male) |
| 2:20 | Queue | Villager (Male) |
| 2:20 | Queue | Villager (Male) |
| 2:49 | Queue | Villager (Male) |
| 2:50 | Queue | Villager (Male) |
| 3:07 | Queue | Villager (Male) |
| 3:42 | Queue | Villager (Male) |
| 3:42 | Queue | Villager (Male) |
| 3:55 | Build | House |
| 3:59 | Build | House |
| 4:15 | Queue | Villager (Male) |
| 4:16 | Queue | Villager (Male) |
| 4:16 | Queue | Villager (Male) |
| 4:50 | Queue | Villager (Male) |
| 5:04 | Build | Mill |
| 5:07 | Research | Loom |
| 6:14 | Research | Feudal Age |
| 6:14 | Research | Feudal Age |
| 7:24 | Build | Barracks |
| 7:41 | Queue | Villager (Male) |
| 8:26 | Age | Feudal Age |
| 8:30 | Build | Stable |
| 8:33 | Build | House |
| 8:35 | Build | Palisade Wall |
| 8:54 | Queue | Villager (Male) |
| 9:10 | Queue | Villager (Male) |
| 9:18 | Queue | Scout Cavalry |
| 9:19 | Queue | Scout Cavalry |
| 9:20 | Queue | Scout Cavalry |
| 9:22 | Queue | Villager (Male) |
| 9:23 | Queue | Scout Cavalry |
| 9:38 | Build | Watch Tower |
| 9:41 | Queue | Villager (Male) |
| 9:50 | Build | House |
| 9:52 | Build | Palisade Wall |
| 10:15 | Queue | Villager (Male) |
| 10:15 | Queue | Scout Cavalry |
| 10:31 | Queue | Villager (Male) |
| 10:40 | Build | Archery Range |
| 10:56 | Queue | Scout Cavalry |
| 11:26 | Queue | Villager (Male) |
| 11:32 | Build | Mining Camp |
| 11:38 | Queue | Villager (Male) |
| 11:46 | Queue | Villager (Male) |
| 11:50 | Queue | Skirmisher |
| 11:50 | Queue | Skirmisher |
| 12:02 | Queue | Skirmisher |
| 12:06 | Queue | Villager (Male) |
| 12:20 | Build | House |
| 12:22 | Build | House |
| 12:31 | Queue | Villager (Male) |
| 12:32 | Queue | Skirmisher |
| 12:38 | Queue | Skirmisher |
| 12:42 | Build | House |
| 12:47 | Queue | Villager (Male) |
| 12:53 | Queue | Skirmisher |
| 13:07 | Build | Farm |
| 13:35 | Build | Watch Tower |
| 13:40 | Queue | Villager (Male) |
| 13:47 | Build | Blacksmith |
| 13:58 | Queue | Villager (Male) |
| 14:00 | Build | Farm |
| 14:10 | Build | Farm |
| 14:20 | Queue | Skirmisher |
| 14:27 | Queue | Villager (Male) |
| 14:29 | Build | Farm |
| 14:38 | Build | Farm |
| 14:49 | Queue | Villager (Male) |
| 14:50 | Queue | Skirmisher |
| 15:13 | Queue | Villager (Male) |
| 15:28 | Research | Forging |
| 15:30 | Build | Farm |
| 15:34 | Build | Mining Camp |
| 15:36 | Build | Farm |
| 15:41 | Queue | Villager (Male) |
| 15:42 | Queue | Skirmisher |
| 16:03 | Queue | Skirmisher |
| 16:03 | Queue | Skirmisher |
| 16:04 | Queue | Skirmisher |
| 16:12 | Queue | Villager (Male) |
| 16:41 | Queue | Villager (Male) |
| 16:49 | Queue | Scout Cavalry |
| 16:54 | Build | Farm |
| 16:58 | Build | Lumber Camp |
| 17:13 | Queue | Skirmisher |
| 17:37 | Queue | Skirmisher |
| 17:38 | Queue | Villager (Male) |
| 17:44 | Queue | Skirmisher |
| 17:53 | Queue | Villager (Male) |
| 17:59 | Queue | Spearman |
| 18:13 | Queue | Skirmisher |
| 18:33 | Build | Market |
| 18:36 | Queue | Villager (Male) |
| 18:39 | Build | Farm |
| 18:42 | Build | House |
| 18:46 | Build | Palisade Wall |
| 18:54 | Queue | Skirmisher |
| 19:00 | Queue | Villager (Male) |
| 19:07 | Build | Farm |
| 19:07 | Queue | Villager (Male) |
| 19:17 | Build | House |
| 19:19 | Queue | Skirmisher |
| 19:49 | Queue | Villager (Male) |
| 19:52 | Build | Mining Camp |
| 20:13 | Build | Farm |
| 20:21 | Build | Farm |
| 21:06 | Research | Castle Age |
| 21:06 | Research | Castle Age |
| 21:34 | Build | Palisade Wall |
| 21:48 | Queue | Villager (Male) |
| 22:03 | Build | House |
| 22:05 | Build | Palisade Wall |
| 22:10 | Build | Palisade Wall |
| 22:13 | Build | Palisade Wall |
| 22:16 | Build | Watch Tower |
| 22:30 | Queue | Villager (Male) |
| 22:38 | Build | Farm |
| 22:48 | Research | Stone Mining |
| 22:52 | Build | Palisade Wall |
| 22:53 | Build | Palisade Wall |
| 23:14 | Queue | Villager (Male) |
| 23:15 | Queue | Scout Cavalry |
| 23:21 | Build | Farm |
| 23:22 | Build | Farm |
| 23:26 | Build | Stable |
| 23:46 | Age | Castle Age |
| 23:52 | Queue | Camel Scout |
| 23:53 | Queue | Camel Scout |
| 23:55 | Queue | Camel Scout |
| 24:00 | Queue | Camel Scout |
| 24:03 | Research | Scale Barding Armor |
| 24:05 | Queue | Camel Scout |
| 24:10 | Queue | Camel Scout |
| 24:10 | Queue | Camel Scout |
| 24:11 | Queue | Camel Scout |
| 24:16 | Build | House |
| 24:19 | Build | Palisade Wall |
| 24:21 | Build | Palisade Wall |
Build order — Vitals
First 150 of 243 actions detected
| 0:02 | Queue | Villager (Male) ×4 |
| 0:03 | Build | House |
| 0:05 | Build | House |
| 1:24 | Queue | Villager (Male) |
| 1:24 | Queue | Villager (Male) |
| 1:54 | Build | Lumber Camp |
| 1:54 | Queue | Villager (Male) |
| 1:54 | Queue | Villager (Male) |
| 2:24 | Queue | Villager (Male) |
| 2:24 | Queue | Villager (Male) |
| 2:55 | Queue | Villager (Male) |
| 2:55 | Queue | Villager (Male) |
| 3:02 | Build | House |
| 3:33 | Queue | Villager (Male) |
| 4:01 | Queue | Villager (Male) |
| 4:32 | Queue | Villager (Male) |
| 4:33 | Queue | Villager (Male) |
| 4:37 | Build | Mill |
| 4:59 | Queue | Villager (Male) |
| 4:59 | Queue | Villager (Male) |
| 5:53 | Queue | Villager (Male) |
| 5:53 | Queue | Villager (Male) |
| 5:54 | Queue | Villager (Male) |
| 6:08 | Queue | Villager (Male) |
| 6:08 | Queue | Villager (Male) |
| 6:11 | Queue | Villager (Male) |
| 6:12 | Queue | Villager (Male) |
| 6:25 | Queue | Villager (Male) |
| 6:47 | Research | Loom |
| 7:16 | Research | Feudal Age |
| 7:58 | Build | Palisade Wall |
| 8:11 | Build | Barracks |
| 8:26 | Build | Palisade Wall |
| 8:47 | Build | House |
| 8:54 | Build | Palisade Wall |
| 9:00 | Queue | Villager (Male) |
| 9:26 | Age | Feudal Age |
| 9:27 | Queue | Villager (Male) |
| 9:33 | Build | Lumber Camp |
| 9:44 | Queue | Spearman |
| 9:53 | Queue | Villager (Male) |
| 10:00 | Build | Archery Range |
| 10:04 | Queue | Villager (Male) |
| 10:15 | Build | House |
| 10:35 | Build | House |
| 10:44 | Queue | Spearman |
| 10:56 | Build | Palisade Wall |
| 11:11 | Queue | Villager (Male) |
| 11:13 | Build | House |
| 11:29 | Research | Horse Collar |
| 11:30 | Queue | Villager (Male) |
| 11:45 | Queue | Villager (Male) |
| 12:07 | Build | Palisade Wall |
| 12:12 | Build | Palisade Wall |
| 12:14 | Queue | Villager (Male) |
| 12:25 | Build | Farm |
| 12:27 | Build | Farm |
| 12:32 | Build | Farm |
| 12:42 | Build | Palisade Wall |
| 12:44 | Build | Palisade Wall |
| 12:46 | Build | Palisade Wall |
| 12:53 | Queue | Villager (Male) |
| 13:01 | Build | Farm |
| 13:02 | Queue | Villager (Male) |
| 13:04 | Build | Farm |
| 13:05 | Build | Farm |
| 13:16 | Build | House |
| 13:17 | Build | Palisade Wall |
| 13:24 | Queue | Villager (Male) |
| 13:54 | Research | Double-Bit Axe |
| 13:54 | Queue | Villager (Male) |
| 14:01 | Build | House |
| 14:17 | Build | Stable |
| 14:30 | Queue | Villager (Male) |
| 14:32 | Build | Farm |
| 14:34 | Build | Farm |
| 14:35 | Build | Farm |
| 14:47 | Queue | Villager (Male) |
| 14:49 | Build | Farm |
| 14:50 | Queue | Scout Cavalry |
| 14:51 | Queue | Scout Cavalry |
| 14:51 | Queue | Scout Cavalry |
| 15:14 | Queue | Villager (Male) |
| 15:22 | Build | Farm |
| 15:29 | Queue | Scout Cavalry |
| 15:35 | Build | Farm |
| 15:45 | Queue | Villager (Male) |
| 16:04 | Queue | Villager (Male) |
| 16:12 | Build | Farm |
| 16:32 | Queue | Villager (Male) |
| 16:37 | Queue | Villager (Male) |
| 16:50 | Queue | Villager (Male) |
| 16:55 | Build | Mining Camp |
| 16:56 | Queue | Villager (Male) |
| 17:21 | Build | Palisade Wall |
| 17:25 | Queue | Villager (Male) |
| 17:27 | Build | Palisade Wall |
| 17:35 | Queue | Villager (Male) |
| 17:37 | Queue | Villager (Male) |
| 17:42 | Build | Farm |
| 17:51 | Build | Farm |
| 18:08 | Queue | Villager (Male) |
| 18:09 | Queue | Villager (Male) |
| 18:22 | Build | Farm |
| 18:22 | Queue | Villager (Male) |
| 18:44 | Build | Farm |
| 18:47 | Build | Blacksmith |
| 19:04 | Build | Farm |
| 19:15 | Build | Farm |
| 19:32 | Research | Castle Age |
| 19:41 | Build | Stable |
| 19:45 | Research | Forging |
| 19:49 | Build | Stable |
| 19:51 | Build | Farm |
| 20:05 | Build | Farm |
| 20:13 | Queue | Scout Cavalry |
| 20:25 | Build | Farm |
| 20:29 | Build | Farm |
| 20:37 | Build | House |
| 20:40 | Research | Scale Barding Armor |
| 20:45 | Research | Bloodlines |
| 20:56 | Build | Farm |
| 21:08 | Queue | Scout Cavalry |
| 21:13 | Build | Farm |
| 21:39 | Queue | Scout Cavalry ×3 |
| 21:39 | Queue | Scout Cavalry ×3 |
| 21:48 | Build | House |
| 21:53 | Build | House |
| 22:02 | Queue | Scout Cavalry ×2 |
| 22:20 | Age | Castle Age |
| 22:25 | Build | Siege Workshop |
| 22:31 | Research | Light Cavalry (upgrade) |
| 22:33 | Queue | Villager (Male) |
| 22:46 | Build | Town Center |
| 22:47 | Queue | Villager (Male) |
| 23:04 | Queue | Villager (Male) |
| 23:22 | Queue | Villager (Male) |
| 23:30 | Queue | Mangonel |
| 23:36 | Research | Bow Saw |
| 23:49 | Research | Gold Mining |
| 24:03 | Research | Husbandry |
| 24:04 | Queue | Scout Cavalry ×2 |
| 24:04 | Queue | Scout Cavalry ×2 |
| 24:13 | Build | Farm |
| 24:14 | Build | Farm |
| 24:21 | Queue | Villager (Male) |
| 24:29 | Build | Farm |
| 24:37 | Queue | Villager (Male) |
| 24:41 | Queue | Scout Cavalry ×2 |
| 24:48 | Queue | Villager (Male) |
Match timeline
| 7:24 | Mugno · first_building Barracks |
| 7:58 | Vitals · wall_segment Palisade Wall x4 |
| 8:11 | Vitals · first_building Barracks |
| 8:26 | Mugno · age_up feudal |
| 8:26 | Vitals · wall_segment Palisade Wall x1 |
| 8:30 | Mugno · first_building Stable |
| 8:35 | Mugno · wall_segment Palisade Wall x5 |
| 8:54 | Vitals · wall_segment Palisade Wall x1 |
| 9:26 | Vitals · age_up feudal |
| 9:52 | Mugno · wall_segment Palisade Wall x3 |
| 10:00 | Vitals · first_building Archery Range |
| 10:40 | Mugno · first_building Archery Range |
| 10:56 | Vitals · wall_segment Palisade Wall x1 |
| 12:07 | Vitals · wall_segment Palisade Wall x1 |
| 12:12 | Vitals · wall_segment Palisade Wall x1 |
| 12:42 | Vitals · wall_segment Palisade Wall x1 |
| 12:44 | Vitals · wall_segment Palisade Wall x1 |
| 12:46 | Vitals · wall_segment Palisade Wall x1 |
| 13:17 | Vitals · wall_segment Palisade Wall x1 |
| 14:17 | Vitals · first_building Stable |
| 17:21 | Vitals · wall_segment Palisade Wall x1 |
| 17:27 | Vitals · wall_segment Palisade Wall x1 |
| 18:46 | Mugno · wall_segment Palisade Wall x13 |
| 19:56 | Mugno · first_market_buy 100 food |
| 19:59 | Mugno · first_market_sell 100 stone |
| 21:34 | Mugno · wall_segment Palisade Wall x1 |
| 22:05 | Mugno · wall_segment Palisade Wall x1 |
| 22:10 | Mugno · wall_segment Palisade Wall x1 |
| 22:13 | Mugno · wall_segment Palisade Wall x4 |
| 22:20 | Vitals · age_up castle |
| 22:25 | Vitals · first_building Siege Workshop |
| 22:52 | Mugno · wall_segment Palisade Wall x1 |
| 22:53 | Mugno · wall_segment Palisade Wall x1 |
| 23:46 | Mugno · age_up castle |
| 24:19 | Mugno · wall_segment Palisade Wall x4 |
| 24:21 | Mugno · wall_segment Palisade Wall x1 |
| 24:22 | Mugno · wall_segment Palisade Wall x3 |
| 24:24 | Mugno · wall_segment Palisade Wall x1 |
| 25:04 | Mugno · wall_segment Palisade Wall x14 |
| 26:16 | Mugno · first_building Castle |
| 30:05 | Mugno · first_building Monastery |
| 32:48 | Mugno · resign |
[ AI ANALYSIS · 1 CREDIT ]
What really happened in this match?
Wolo.gg analyzes every decision: build order, eco, micro, common mistakes by bracket. Personalized analysis on WhatsApp or Discord in 30 seconds.
Civ guide
Turks
Perfil
Jugador #4493638